 Dungeon Crawl Stone Soup version 0.21.1-1-g345015fe64 (webtiles) character file.

4281 Gedi the Cleaver (level 10, -4/89 HPs)
             Began as a Minotaur Abyssal Knight on June 15, 2018.
             Was an Elder of Lugonu.
             Slain by a two-headed ogre
             ... wielding a +0 giant club
              (15 damage)
             ... on level 9 of the Dungeon.
             The game lasted 00:23:13 (9698 turns).

Gedi the Cleaver (Minotaur Abyssal Knight)          Turns: 9698, Time: 00:23:13

Health: -4/89      AC: 17    Str: 20    XL:     10   Next: 10%
Magic:  14/14      EV:  7    Int:  9    God:    Lugonu [****..]
Gold:   525        SH:  0    Dex: 10    Spells: 9/9 levels left

rFire    . . .     SeeInvis +   a - +2 hand axe
rCold    . . .     Gourm    +   (no shield)
rNeg     . . .     Faith    .   r - +0 plate armour
rPois    .         Spirit   .   (helmet restricted)
rElec    .         Reflect  .   j - +0 cloak
rCorr    .         Harm     .   (no gloves)
MR       +....                  u - +1 pair of boots
Stlth    ..........             w - amulet of the gourmand
HPRegen  0.24/turn              k - ring of see invisible
MPRegen  0.14/turn              s - ring of protection from magic

@: no status effects
A: retaliatory headbutt, horns 2
a: Depart the Abyss, Bend Space, Banish, Corrupt, Renounce Religion


You were on level 9 of the Dungeon.
You worshipped Lugonu.
Lugonu was greatly pleased with you.
You were completely stuffed.

You visited 1 branch of the dungeon, and saw 9 of its levels.
You visited the Abyss 1 time.

You collected 525 gold pieces.

Inventory:

Hand Weapons
 a - a +2 hand axe (weapon)
Armour
 j - a +0 cloak (worn)
 r - a +0 plate armour (worn)
 u - a +1 pair of boots (worn)
Jewellery
 k - a ring of see invisible (left hand)
 p - an uncursed amulet of harm
 s - a ring of protection from magic (right hand)
 t - an uncursed ring of fire
 w - an amulet of the gourmand (around neck)
Wands
 f - a wand of digging (1)
 n - a wand of polymorph (14)
Scrolls
 d - 3 scrolls of identify
 g - a scroll of brand weapon {unknown}
 h - 2 scrolls of teleportation
 i - 2 scrolls of amnesia
 m - a scroll of remove curse
 o - 2 scrolls of fog
Potions
 b - 4 potions of curing
Books
 e - a book of Minor Magic

   Spells                             Type                      Level
   a - Magic Dart                     Conjuration                  1
   b - Blink                          Translocation                2
   c - Call Imp                       Summoning                    2
   d - Slow                           Hexes                        2
   e - Conjure Flame                  Conjuration/Fire             3
   f - Mephitic Cloud                 Conjuration/Poison/Air       3
 v - a book of Maledictions

   Spells                             Type                      Level
   a - Corona                         Hexes                        1
   b - Ensorcelled Hibernation        Hexes/Ice                    2
   c - Confuse                        Hexes                        3
   d - Tukima's Dance                 Hexes                        3
   e - Dazzling Spray                 Conjuration/Hexes            3
Comestibles
 c - 12 rations
 l - a chunk of flesh


   Skills:
 + Level 8.3 Fighting
 + Level 10.8 Axes
 + Level 9.0 Armour
 - Level 2.2 Dodging
 - Level 0.2 Stealth
 * Level 6.7 Invocations


You had 9 spell levels left.
You didn't know any spells.

Dungeon Overview and Level Annotations

Branches:
Dungeon (9/15)             Temple (0/1) D:7
   Lair: D:8-11         Orc: D:9-12

Altars:
Ashenzari
Dithmenos
Gozag
Kikubaaqudgha
Makhleb
Okawaru
Qazlal
Sif Muna
Uskayaw
Vehumet
Xom
Yredelemnul

Shops:
D:8 :


Innate Abilities, Weirdness & Mutations

You reflexively headbutt those who attack you in melee.
You have a pair of horns on your head.


Message History

The two-headed ogre is severely wounded.
You barely miss the two-headed ogre.
The two-headed ogre is severely wounded.
The two-headed ogre hits you but does no damage.
The two-headed ogre hits you with a giant club!
You hit the two-headed ogre.
The two-headed ogre is almost dead.
The two-headed ogre closely misses you.
The two-headed ogre hits you with a giant club!!
* * * LOW HITPOINT WARNING * * *
You feel better.
You hit the two-headed ogre.
The two-headed ogre is almost dead.
The two-headed ogre hits you with a giant club!
* * * LOW HITPOINT WARNING * * *
The two-headed ogre barely misses you.
You closely miss the two-headed ogre.
The two-headed ogre is almost dead.
The two-headed ogre hits you with a giant club!
You die...

.# #.# ... #.# ....
.#.# ##....# .#.#.#
#....... #.#.#.#
#.#......
.#.#.#.#.#.......
#.#.#.#@#.#......
#.#.#.#O#.......
#.....#.#
#.#...#.#....<..
#....###<##.#.
#############........
#....................
#.####################
#.# #........#


You could see a two-headed ogre.

Vanquished Creatures
  Erica (D:8)
  Maurice (D:7)
  The ghost of
  359359 the Cudgeler, a novice TeMo of Elyvilon (D:6)
  Prince Ribbit (D:8)
  A hippogriff (D:8)
  An ice beast (D:5)
  4 sky beasts
  An orc warrior (D:7)
  A phantom (D:5)
  2 ogres
  4 centaurs
  4 bullfrogs
  A water moccasin skeleton (D:5)
  A scorpion (D:6)
  6 killer bees (D:8)
  A crimson imp (D:6)
  2 quasits
  A jelly (D:3)
  2 orc priests
  3 hounds
  2 iguanas
  8 orc wizards
  4 worker ants
  A killer bee zombie (D:7)
  A hound zombie (D:5)
  A hound skeleton (D:8)
  2 worker ant zombies
  13 adders
  4 adder skeletons
  2 worms
  5 dart slugs
  6 leopard geckos
  21 orcs
  9 giant cockroaches
  8 goblins
  6 hobgoblins
  15 jackals
  6 kobolds
  2 quokkas
  9 bats
  10 frilled lizards
  14 rats
188 creatures vanquished.

Vanquished Creatures (others)
  An ogre (D:6)
  A bullfrog (D:6)
  A howler monkey (D:6)
  A jelly (D:6)
  A hound (D:6)
  4 orc wizards
  An orc priest (D:6)
  4 gnolls (D:6)
  A leopard gecko (D:6)
15 creatures vanquished.

Grand Total: 203 creatures vanquished

Notes
Turn   | Place    | Note
-------+----------+-------------------------------------------
     0 | Abyss:1  | Gedi the Minotaur Abyssal Knight began the quest for the Orb.
     0 | Abyss:1  | Reached XP level 1. HP: 19/19 MP: 1/1
    26 | Abyss:1  | Noticed a starcursed mass
    27 | Abyss:1  | Noticed a large abomination
    35 | D:1      | Escaped the Abyss
   115 | D:1      | Reached XP level 2. HP: 14/27 MP: 2/2
   166 | D:1      | Reached skill level 3 in Axes
   404 | D:1      | Reached * piety under Lugonu
   648 | D:1      | Reached XP level 3. HP: 24/34 MP: 3/3
  1091 | D:2      | Found a faded altar of an unknown god.
  1375 | D:2      | Reached skill level 5 in Fighting
  1419 | D:2      | Reached XP level 4. HP: 38/42 MP: 4/4
  1550 | D:2      | Reached ** piety under Lugonu
  1970 | D:3      | Found a stormy altar of Qazlal.
  1972 | D:3      | Found an ancient bone altar of Kikubaaqudgha.
  1973 | D:3      | Found a radiant altar of Vehumet.
  2212 | D:3      | Reached XP level 5. HP: 48/48 MP: 5/5
  2300 | D:3      | Reached skill level 4 in Axes
  2724 | D:4      | Reached XP level 6. HP: 32/57 MP: 6/6
  3656 | D:4      | Reached skill level 5 in Axes
  3897 | D:5      | Entered Level 5 of the Dungeon
  3916 | D:5      | Noticed a sky beast
  3960 | D:5      | Reached *** piety under Lugonu
  4048 | D:5      | Found a shadowy altar of Dithmenos.
  4110 | D:5      | Killed a sky beast
  4110 | D:5      | Reached XP level 7. HP: 63/63 MP: 6/8
  4162 | D:5      | Reached skill level 6 in Axes
  4551 | D:4      | HP: 3/63 [ogre/giant spiked club (13)]
  5218 | D:5      | Reached skill level 5 in Armour
  5329 | D:5      | Found a hide-covered altar of Uskayaw.
  5332 | D:5      | Found a shattered altar of Ashenzari.
  5335 | D:5      | Found an iron altar of Okawaru.
  5473 | D:5      | Reached skill level 7 in Axes
  5713 | D:5      | Reached XP level 8. HP: 71/71 MP: 9/9
  5816 | D:5      | Found a burning altar of Makhleb.
  5818 | D:5      | Noticed a green death
  5969 | D:6      | Noticed 359359's ghost (novice TeMo)
  5986 | D:6      | Killed 359359's ghost
  5999 | D:6      | Found an opulent altar of Gozag.
  6032 | D:6      | Reached skill level 8 in Axes
  6076 | D:6      | Found a shimmering altar of Xom.
  7078 | D:7      | Reached skill level 9 in Axes
  7171 | D:7      | Reached XP level 9. HP: 58/79 MP: 11/11
  7184 | D:7      | Reached skill level 5 in Invocations
  7472 | D:7      | Found a staircase to the Ecumenical Temple.
  8237 | D:8      | Found a basalt altar of Yredelemnul.
  8242 | D:8      | Noticed Maurice
  8243 | D:8      | Noticed Prince Ribbit
  8312 | D:8      | Reached **** piety under Lugonu
  8606 | D:7      | Killed Maurice
  8606 | D:7      | Reached skill level 10 in Axes
  8641 | D:8      | Found Itsoulur's Book Shoppe.
  8827 | D:8      | Noticed Erica
  9130 | D:8      | Killed Erica
  9130 | D:8      | Reached XP level 10. HP: 35/88 MP: 13/13
  9191 | D:8      | Killed Prince Ribbit
  9623 | D:9      | Found a deep blue altar of Sif Muna.
  9681 | D:9      | Noticed a two-headed ogre
  9698 | D:9      | Slain by a two-headed ogre

Skill      XL: |  1  2  3  4  5  6  7  8  9 10 |
---------------+-------------------------------+-----
Fighting       | 4 5 6 7 8 |  8.3
Axes           | 3 4 5 7 9 10 | 10.8
Invocations    | 2 3 4 6 |  6.7
Armour         | 3 4 5 7 8 9 |  9.0
Dodging        | 2 |  2.2
Stealth        | |  0.2

Action                   |  1- 3 |  4- 6 |  7- 9 | 10-12 || total
-------------------------+-------+-------+-------+-------++-------
Melee: Hand axe          |    77 |   159 |   393 |    40 ||   669
       Headbutt          |     7 |    24 |    56 |     2 ||    89
Invok: Depart the Abyss  |     1 |       |       |       ||     1
       Bend Space        |       |       |    12 |       ||    12
  Use: Scroll            |       |     8 |     5 |       ||    13
       Potion            |       |       |     8 |     1 ||     9
 Stab: Confused          |       |       |     1 |       ||     1
  Eat: Chunk             |     2 |     5 |    21 |     2 ||    30
       Ration            |       |     1 |     1 |       ||     2
Armor: Leather armour    |    26 |    16 |       |       ||    42
       Scale mail        |       |    15 |       |       ||    15
       Plate armour      |       |    14 |   242 |    20 ||   276
Dodge: Dodged            |    50 |    90 |   138 |    10 ||   288
